AoeStats
← Infadel

Arabia

508945872Analyzed
1v1 RM · 8d ago on Sep 24, 2026· 19m 11s· 2 players
Game mode
Random Map
Map size
Tiny (2 player)
Population
200
Speed
Normal
Resources
Standard
Victory
Conquest
Starting age
Dark Age
Ending age
Imperial Age
RankedLock teamsTeams togetherTeam positionsShared explorationLock speedFull tech treeHidden civsTurbo modeCheats
Victory
Defeat
🇦🇷 Varangians · Argentina
1100
+16
🇮🇳 Mongols · India
1102
-16
EL LOCOMOTORA
6:33 Loom
9:19 Feudal Age
9:49 Double-Bit Axe
12:47 Bloodlines
18:54 Scale Barding Armor
19:56 Forging
Infadel
7:09 Loom
9:09 Feudal Age
Connection lost

Rejoining the realm…

Still unreachable

The connection could not be restored.

Session expired

The server has moved on; the page needs a fresh start.